 Dungeon Crawl Stone Soup version 0.29.1-15-g9cfb28693d (webtiles) character file.

Game seed: 3371478899809756618

326425 LustLizard the Wrestler (level 20, -33/202 HPs)
             Began as a Troll Fighter on Apr 8, 2023.
             Was the Champion of Wu Jian.
             Killed from afar by a tengu reaver (46 damage)
             ... with a bolt of cold
             ... on level 2 of the Depths.
             The game lasted 02:17:10 (45359 turns).

LustLizard the Wrestler (Troll Fighter)            Turns: 45359, Time: 02:17:11

Health: -33/202    AC: 25    Str: 29    XL:     20   Next: 76%
Magic:  0/23       EV: 17    Int: 12    God:    Wu Jian [******]
Gold:   2825       SH: 14    Dex: 15    Spells: 17/25 levels left

rFire   + . .      SeeInvis .     - Unarmed
rCold   . . .      Faith    .   k - +2 kite shield {AC+3}
rNeg    + . .      Spirit   +   L - +5 robe of Wasted Space {Dex+7}
rPois   .          Reflect  .   d - +2 hat of Moetimob {Rampage rF++ rCorr Dex-4}
rElec   +          Harm     .   I - +2 cloak
rCorr   +          Rampage  +   (gloves unavailable)
Will    +++..                   (boots unavailable)
Stlth   +.........              U - amulet "Citsotaf" {Spirit rElec Dex+3}
HPRegen 1.23/turn               F - ring of the Tortoise {AC+8}
MPRegen 0.18/turn               w - ring of the Secret Continents {Fly rF- rN+ Will++ Int+2}

@: lethally poisoned (-33 -> -33), in a heavenly storm, flying, glowing,
studying Throwing
A: large, unfitting armour, claws 3, regeneration 1, shaggy fur 1, tough skin 1
}: 2/15 runes: barnacled, gossamer
a: Renounce Religion, Wall Jump, Serpent's Lash, Heavenly Storm


You were on level 2 of the Depths.
You worshipped Wu Jian.
Wu Jian was exalted by your worship.
You visited 8 branches of the dungeon, and saw 37 of its levels.
You visited 2 bazaars.
You also visited: Sewer, Bailey, Gauntlet and Ice Cave.

You collected 5549 gold pieces.
You spent 2724 gold pieces at shops.

Inventory:

Hand Weapons
 Z - a +2 scimitar of flaming
Missiles
 t - 68 poisoned darts (quivered)
 v - 4 curare-tipped darts
 E - 6 throwing nets
 M - 6 atropa-tipped darts
 R - 6 datura-tipped darts
Armour
 d - the +2 hat of Moetimob (worn) {Rampage rF++ rCorr Dex-4}
   (You found it on level 2 of the Shoals)

   Dex:       It affects your dexterity (-4).
   rF:        It greatly protects you from fire.
   rCorr:     It protects you from acid and corrosion.
   Rampage:   It bestows one free step when moving towards enemies.
 g - +0 ice dragon scales
 k - a +2 kite shield of protection (worn)
 I - a +2 cloak (worn)
 L - the +5 robe of Wasted Space (worn) {Dex+7}
   (You found it on level 5 of the Lair of Beasts)

   Dex:       It affects your dexterity (+7).
 Q - a +3 tower shield
Jewellery
 s - the ring of Hiro {Fire Dex+6 Slay+2 Stlth+}
   (You bought it in a shop on level 7 of the Dungeon)

   [ring of fire]

   It enhances your fire magic.
   Dex:       It affects your dexterity (+6).
   Slay:      It affects your accuracy & damage with ranged weapons and melee
   (+2).
   rF:        It protects you from fire.
   rC:        It makes you vulnerable to cold.
   Stlth:     It makes you more stealthy.
 w - the ring of the Secret Continents (right claw) {Fly rF- rN+ Will++ Int+2}
   (You found it on level 4 of the Dungeon)

   [ring of flight]

   Int:       It affects your intelligence (+2).
   rF:        It makes you vulnerable to fire.
   rN:        It protects you from negative energy.
   Fly:       It grants you flight.
   Will:      It greatly increases your willpower.
 x - the ring "Cyohuedgh" {Wiz Drain rF- Int+8 SInv}
   (You acquired it on level 4 of the Vaults)

   [ring of wizardry]

   It improves your spell success rate.
   Int:       It affects your intelligence (+8).
   rF:        It makes you vulnerable to fire.
   SInv:      It lets you see invisible.
   Drain:     It drains your maximum health when unequipped.
 F - the ring of the Tortoise (left claw) {AC+8}
   (You found it on level 12 of the Dungeon)

   [ring of protection]

   AC:        It affects your AC (+8).
 O - a ring of protection from fire
 S - an amulet of magic regeneration
 T - the ring of Guod {rPois Slay+2}
   (You found it in a Gauntlet)

   [ring of poison resistance]

   Slay:      It affects your accuracy & damage with ranged weapons and melee
   (+2).
   rPois:     It protects you from poison.
 U - an amulet "Citsotaf" (around neck) {Spirit rElec Dex+3}
   (You took it off a minotaur in a Gauntlet)

   [amulet of guardian spirit]

   It causes incoming damage to be divided between your reserves of health and
   magic.
   Dex:       It affects your dexterity (+3).
   rElec:     It insulates you from electricity.
 X - the ring of Cyohaheu {Will+ Int+6}
   (You found it on level 5 of the Lair of Beasts)

   [ring of intelligence]

   Int:       It affects your intelligence (+6).
   Will:      It increases your willpower.
 Y - a ring of positive energy
Wands
 a - a wand of polymorph (18)
 n - a wand of digging (11)
 q - a wand of light (25)
 u - a wand of roots (52)
 G - a wand of mindburst (2)
 P - a wand of flame (24)
 V - a wand of paralysis (31)
Scrolls
 b - a scroll of fear
 e - 5 scrolls of teleportation
 f - 2 scrolls of summoning
 y - 5 scrolls of poison
 z - 7 scrolls of magic mapping
 C - 4 scrolls of blinking
 D - 4 scrolls of immolation
 H - 8 scrolls of butterflies
 J - a scroll of silence
Potions
 c - 5 potions of might
 h - 6 potions of berserk rage
 i - 3 potions of heal wounds
 j - 8 potions of brilliance
 l - 10 potions of haste
 m - 23 potions of curing
 o - 7 potions of lignification
 p - a potion of cancellation
 r - 10 potions of mutation
 A - 5 potions of invisibility
 B - 5 potions of resistance
Miscellaneous
 K - a condenser vane
 N - a lightning rod (4/4)
 W - a phial of floods


   Skills:
 - Level 13.3 Fighting
 - Level 9.9 Dodging
 - Level 13.3 Shields
 - Level 21.1 Unarmed Combat
 - Level 3.3 Spellcasting
 - Level 4.0 Translocations
 + Level 12.0 Transmutations
 + Level 14.2 Earth Magic
 - Level 4.0 Evocations


You had 17 spell levels left.
You knew the following spells:

 Your Spells              Type           Power      Damage    Failure   Level
a - Blink                 Tloc           22%        N/A       12%         2
b - Statue Form           Tmut/Erth      22%        N/A       26%         6

Your spell library contained the following spells:

 Spells                   Type           Power      Damage    Failure   Level
 Beastly Appendage        Tmut           60%        N/A       1%          1
 Sandblast                Erth           72%        2d16      1%          1
 Passwall                 Tmut/Erth      27%        N/A       1%          2
 Wereblood                Tmut           30%        N/A       1%          2
 Sting                    Tmut/Pois      64%        1d6       3%          1
 Lee's Rapid Deconstruct  Erth           18%        3d12*     3%          5
 Stone Arrow              Conj/Erth      38%        3d9       6%          3
 Apportation              Tloc           22%        N/A       8%          1
 Blade Hands              Tmut           15%        N/A       8%          5
 Spider Form              Tmut/Pois      16%        N/A       10%         3
 Animate Armour           Summ/Erth      38%        N/A       21%         4
 Leda's Liquefaction      Hex/Erth       9%         N/A       21%         4
 Gell's Gravitas          Tloc           11%        N/A       22%         3
 Ignite Poison            Fire/Tmut/Pois 11%        N/A       22%         3
 Lesser Beckoning         Tloc           11%        N/A       22%         3
 Teleport Other           Tloc           11%        N/A       22%         3
 Foxfire                  Conj/Fire      4%         2x1d4     36%         1
 Freeze                   Ice            4%         1d3       36%         1
 Magic Dart               Conj           4%         1d3       36%         1
 Summon Small Mammal      Summ           4%         N/A       36%         1
 Portal Projectile        Hex/Tloc       12%        N/A       45%         3
 Borgnjor's Vile Clutch   Necr/Erth      9%         N/A       50%         5
 Call Imp                 Summ           1%         N/A       52%         2
 Poisonous Vapours        Pois/Air       2%         N/A       52%         2
 Static Discharge         Conj/Air       1%         3-4/arc   52%         2
 Alistair's Intoxication  Tmut/Pois      10%        N/A       65%         5
 Irradiate                Conj/Tmut      8%         3d14      65%         5
 Call Canine Familiar     Summ           1%         N/A       75%         3
 Conjure Flame            Conj/Fire      1%         6-21      75%         3
 Frozen Ramparts          Ice            2%         1d1       75%         3
 Inner Flame              Hex/Fire       1%         N/A       75%         3
 Mephitic Cloud           Conj/Pois/Air  1%         N/A       75%         3
 Summon Guardian Golem    Hex/Summ       1%         N/A       75%         3
 Tukima's Dance           Hex            1%         N/A       75%         3
 Iskenderun's Mystic Bla  Conj/Tloc      6%         2d4       86%         4
 Manifold Assault         Tloc           11%        N/A       91%         5
 Dragon Form              Tmut           15%        N/A       93%         7
 Iron Shot                Conj/Erth      9%         9d3       97%         6
 Airstrike                Air            0%         2d(1-17)  98%         4
 Corpse Rot               Necr/Pois/Air  1%         N/A       98%         4
 Dispel Undead            Necr           1%         3d6       98%         4
 Flame Wave               Conj/Fire      1%         2d4       98%         4
 Fulminant Prism          Conj/Hex       0%         3d6       98%         4
 Hailstorm                Conj/Ice       1%         3d3       98%         4
 Olgreb's Toxic Radiance  Pois           1%         N/A       98%         4
 Sticky Flame             Conj/Fire      1%         2d3       98%         4
 Summon Ice Beast         Ice/Summ       1%         N/A       98%         4
 Summon Lightning Spire   Summ/Air       1%         N/A       98%         4
 Eringya's Noxious Bog    Tmut/Pois      8%         N/A       99%         6
 Fireball                 Conj/Fire      0%         3d3       100%        5
 Iskenderun's Battlesphe  Conj           1%         2d6       100%        5
 Silence                  Hex/Air        0%         N/A       100%        5
 Summon Mana Viper        Hex/Summ       1%         N/A       100%        5
 Dispersal                Tloc           5%         N/A       100%        6
 Starburst                Conj/Fire      0%         6d3       100%        6
 Monstrous Menagerie      Summ           0%         N/A       100%        7
 Spellforged Servitor     Conj/Summ      0%         N/A       100%        7
 Storm Form               Tmut/Air       8%         N/A       100%        7
 Disjunction              Tloc           5%         N/A       100%        8
 Ignition                 Fire           0%         3d3       100%        8
 Lehudib's Crystal Spear  Conj/Erth      9%         10d4      100%        8
 Maxwell's Capacitive Co  Air            0%         ∞         100%        8


Dungeon Overview and Level Annotations

Branches:
Dungeon (15/15)            Temple (0/1) D:4            Lair (5/5) D:9
 Shoals (4/4) Lair:3       Spider (4/4) Lair:2        Slime (0/5) Lair:5
    Orc (2/2) D:9             Elf (1/3) Orc:2        Vaults (4/5) D:13
  Crypt (0/3) Vaults:3     Depths (2/4) D:15          Sewer (visited)
 Bailey (visited)           IceCv (visited)         Gauntlet (visited)

Altars:
Ashenzari
Cheibriados
Elyvilon
Gozag
Hepliaklqana
Nemelex Xobeh
Qazlal
Uskayaw
Vehumet
Wu Jian
Xom
Zin
The Shining One
Jiyva

Shops:
D:1 ?   D:7 (**=   D:9 [   D:13 !!=   Orc:2 [!:*(**   Elf:1 :   Shoals:2 :
Vaults:1 (

Portals:
Hell: Depths:1
Abyss: Depths:1
Pandemonium: Orc:2
Trove: Vaults:2 (give horn of Geryon)

Annotations:
D:5 1 runed translucent door, viagra's ghost, novice MiBe
Lair:3 3 runed translucent doors, Huasawuy's ghost, journeyman TrHW
Spider:3 2 transporters, Xiym's ghost, journeyman FeSu


Innate Abilities, Weirdness & Mutations

You are too large for most types of armour.
You have claws for hands.
Your natural rate of healing is unusually fast.
You are covered in fur. (AC +1)
You have tough skin. (AC +1)


Message History

Blink to where?
Press: ? - help, Dir - move target
As you read the scroll of blinking, it crumbles to dust.
You feel very sick.
A hell knight comes into view.
It is wielding a +3 demon trident of flaming.
Found a robe.
You feel very sick.
The hell knight shouts!
You hear a grinding noise.
The lich casts a spell.
The lich seems to speed up.
A spriggan air mage comes into view.
The tengu reaver points at you and mumbles some strange words.
The bolt of cold hits you!!
* * * LOW HITPOINT WARNING * * *
You see here a +0 shortbow.
Okay, then.
The air is filled with shimmering golden clouds!
Sifu Xiang Ba says: The storm will not cease as long as you keep fighting, disciple!
You feel very sick.
You hear a deafening roar!
You hear a horrible gurgling sound!
Blink to where?
Press: ? - help, Dir - move target A fire dragon comes into view.
Found 8 stones.
As you read the scroll of blinking, it crumbles to dust.
You feel very sick.
You hear a deafening roar!
You hear a grinding noise.
The fire dragon moves out of view.
As you read the scroll of summoning, it crumbles to dust.
Wisps of shadow whirl around you...
You feel sick.
You rampage towards the fire dragon!
You eviscerate the fire dragon!!!
The fire dragon is heavily wounded.
You feel sick.
You hear a horrible gurgling sound!
You hear a grinding noise.
The fire dragon breathes flames at you. The blast of flame misses you.
The blast of flame hits the tengu reaver!!!
The tengu reaver gestures at you while chanting.
The bolt of cold hits you!!!
You die...

#.R.R.T..)...;...
#..##..D###*#..##
#. #....L...# ..
#..#......#..[ #
#.
....###§#☼###i#
#.
......C§☼#☼☼[p.#
# ......#QC☼☼§#
..## #§###§#
#@§§..#
#.§TD§#.....
#.###§# ###. # .#
.. ... ... ####


You could see a fire dragon (catching breath), a tengu reaver (ally target), a
deep troll shaman and a friendly fire giant (summoned).

Vanquished Creatures
  Arachne (Spider:4)
  A lich (Vaults:2)
  Mlioglotl (Spider:2)
  Jorgrun (D:12)
  2 sphinxes
  2 storm dragons
  Polyphemus (Shoals:2)
  2 tengu reavers
  Kirke (D:12)
  2 shadow dragons
  The ghost of Cheops the Champion of Chaos, an adept DsGl of Makhleb (Shoals:2)
  Donald (Spider:4)
  3 frost giants
  8 vault wardens
  Aizul (Shoals:1)
  7 ghost moths
  Louise (D:15)
  2 emperor scorpions
  A curse skull (Vaults:3)
  3 orc warlords
  A stone giant (Depths:2)
  9 ironbound preservers
  A broodmother (Spider:3)
  6 ironbound thunderhulks
  9 very ugly things
  3 deep elf demonologists
  5 entropy weavers
  A minotaur (Gauntlet)
  A deep elf annihilator (Elf:1)
  A white draconian (IceCv)
  4 dire elephants (Vaults:1)
  4 spark wasps
  A deep elf death mage (Vaults:3)
  Josephine (Shoals:1)
  An ettin (Vaults:4)
  11 merfolk impalers
  8 merfolk javelineers
  7 yaktaur captains
  A rakshasa (D:13)
  A fire dragon (Elf:1)
  3 great orbs of eyes
  A deep elf high priest (Elf:1)
  8 boulder beetles
  9 ice dragons
  5 vault guards
  Harold (D:9)
  A jorogumo (Spider:2)
  A demonspawn (Orc:2)
  8 hydras
  2 alligator snapping turtles (Shoals:2)
  8 ironbound frosthearts
  2 merfolk aquamancers
  5 radroaches
  4 centaur warriors (D:13)
  A catoblepas (Shoals:2)
  4 alligators (Shoals:2)
  5 dancing weapons (Elf:1)
  4 two-headed ogres
  A death knight (D:15)
  A satyr (Shoals:2)
  5 death yaks
  3 tengu warriors
  A vampire mage (Vaults:3)
  4 orc high priests
  5 deep elf knights (Elf:1)
  Nergalle (D:11)
  A sun demon (Orc:2)
  An iron troll (Depths:2)
  A sun moth (Spider:4)
  A shadow wraith (D:13)
  9 steelbarb worms
  16 deep trolls
  A deep troll (shapeshifter) (D:15)
  6 pharaoh ants
  14 sea snakes
  A tengu zombie (Vaults:3)
  8 deep elf archers (Elf:1)
  A goliath frog (Shoals:2)
  5 orb spiders
  11 wizards
  A steelbarb worm (shapeshifter) (D:13)
  A glowing orange brain (Vaults:2)
  15 ironbound convokers
  28 harpies
  7 lindwurms
  8 orc knights
  11 deep elf zephyrmancers (Elf:1)
  2 phantasmal warriors
  2 necromancers
  9 deep elf pyromancers
  10 fauns
  23 wolf spiders
  30 ugly things
  A salamander (D:15)
  14 orc sorcerers
  An iron dragon zombie (Vaults:4)
  20 manticores
  4 cyclopes
  16 vault sentinels
  11 elephants
  Maurice (D:10)
  8 moths of wrath
  6 black mambas
  An ice statue (Vaults:4)
  5 merfolk sirens
  Joseph (D:9)
  A naga mage (Vaults:2)
  3 human skeletons
  A storm dragon simulacrum (Vaults:4)
  12 cane toads
  A gargoyle (D:10)
  13 water nymphs
  A minotaur zombie (Gauntlet)
  5 torpor snails
  A rime drake (shapeshifter) (Elf:1)
  13 rime drakes
  6 demonic crawlers
  5 komodo dragons
  A kobold demonologist (D:13)
  3 efreet
  25 yaktaurs
  31 merfolk
  An elf skeleton (Vaults:3)
  2 ice devils
  2 tengu conjurers
  10 trolls
  19 tarantellas
  12 meliai
  6 polar bears
  13 wind drakes
  6 hornets
  A wolf spider simulacrum (D:14)
  A tengu simulacrum (Vaults:4)
  12 dream sheep
  11 snapping turtles
  18 blink frogs
  13 slime creatures
  15 flying skulls (Gauntlet)
  28 jumping spiders
  19 culicivoras
  3 shadows
  A centaur simulacrum (D:15)
  15 water elementals
  A ynoxinul (Orc:2)
  9 air elementals
  2 wyverns
  3 vampires
  11 spriggans (Lair:5)
  2 fire elementals (Elf:1)
  9 wraiths
  4 hogs (D:12)
  Grum (D:10)
  45 yaks
  3 basilisks
  56 redbacks
  3 steam dragons
  2 chaos spawn (Orc:2)
  4 vampire mosquitoes (D:12)
  A harpy simulacrum (D:14)
  4 wargs
  5 acid dragons
  14 water moccasins
  26 orc warriors
  3 sky beasts
  2 ice beasts
  15 black bears
  6 ogres
  9 boggarts
  25 wolves
  9 centaurs
  2 phantoms
  Blork the orc (D:4)
  7 kobold brigands
  12 bullfrogs
  An earth elemental (Elf:1)
  3 gnoll sergeants
  9 scorpions
  4 necrophages
  A glowing shapeshifter simulacrum (Vaults:3)
  2 wights
  10 killer bees
  3 howler monkeys (D:9)
  4 electric eels
  3 lava snakes (Lair:3)
  25 orc priests
  9 hounds
  5 jellies
  Ijyb (D:3)
  7 iguanas
  Natasha (thrice) (D:4)
  11 orc wizards
  A mummy (D:7)
  7 adders
  9 gnolls
  5 river rats
  4 white imps
  3 ufetubi
  7 worms
  2 dart slugs
  74 orcs
  5 bats
  8 endoplasms
  6 giant cockroaches
  6 goblins
  14 hobgoblins
  13 jackals
  31 kobolds
  5 quokkas
  15 ball pythons
  2 frilled lizards
  10 rats
1477 creatures vanquished.

Vanquished Creatures (collateral kills)
  Rupert (Spider:1)
  A spark wasp (Spider:4)
  A hydra (Lair:4)
  A meliai (Spider:4)
4 creatures vanquished.

Vanquished Creatures (others)
  A deep elf knight (Elf:1)
  A wizard (Vaults:2)
  A deep elf pyromancer (Elf:1)
  A wolf spider (Spider:4)
  A yaktaur (Vaults:2)
  An orc warrior (Elf:1)
  An orc priest (Orc:2)
  3 orcs (Elf:1)
  28 demonic plants (Gauntlet)
  39 fungi
  132 plants
209 creatures vanquished.

Grand Total: 1690 creatures vanquished

Notes
Turn   | Place    | Note
-------+----------+-------------------------------------------
     0 | D:1      | LustLizard the Troll Fighter began the quest for the Orb.
     0 | D:1      | Reached XP level 1. HP: 22/22 MP: 0/0
   127 | D:1      | Reached XP level 2. HP: 29/29 MP: 1/1
   132 | D:1      | Found Ufuavuch's Magic Scroll Emporium.
   521 | D:2      | Reached XP level 3. HP: 35/36 MP: 2/2
   523 | D:2      | Reached skill level 3 in Unarmed Combat
   796 | D:2      | Reached XP level 4. HP: 32/44 MP: 3/3
  1212 | D:3      | Noticed a black bear
  1366 | D:3      | Found an ornate altar of the Wu Jian Council.
  1366 | D:3      | Found a white marble altar of Elyvilon.
  1388 | D:3      | Killed a black bear
  1389 | D:3      | Reached skill level 4 in Unarmed Combat
  1389 | D:3      | Reached XP level 5. HP: 53/53 MP: 4/4
  1454 | D:3      | Became a worshipper of the Wu Jian Council
  1550 | D:3      | Found a broken altar of Ashenzari.
  1554 | D:3      | Saw a vision of the Shoals and the Spider Nest.
  1554 | D:3      | Noticed a tarantella
  1554 | D:3      | Noticed a jumping spider
  1554 | D:3      | Noticed a merfolk
  1554 | D:3      | Noticed a torpor snail
  1554 | D:3      | Noticed a merfolk
  1554 | D:3      | Noticed a snapping turtle
  1554 | D:3      | Noticed a demonic crawler
  1554 | D:3      | Noticed a merfolk aquamancer
  1554 | D:3      | Noticed a demonic crawler
  1554 | D:3      | Noticed a jumping spider
  1554 | D:3      | Noticed a demonic crawler
  1554 | D:3      | Noticed a water nymph
  1554 | D:3      | Noticed a water elemental
  1554 | D:3      | Noticed a snapping turtle
  1554 | D:3      | Noticed a redback
  1554 | D:3      | Noticed a pharaoh ant
  1554 | D:3      | Noticed a merfolk
  1554 | D:3      | Noticed a steelbarb worm
  1555 | D:3      | Noticed a culicivora
  1578 | D:3      | Noticed Ijyb
  1624 | D:3      | Killed Ijyb
  1860 | D:3      | Learned a level 2 spell: Blink
  1970 | D:4      | Noticed Blork the orc
  1984 | D:3      | Reached XP level 6. HP: 56/61 MP: 5/5
  2015 | D:4      | Noticed Natasha
  2019 | D:4      | Killed Natasha
  2045 | D:4      | Killed Blork the orc
  2046 | D:4      | Reached skill level 5 in Unarmed Combat
  2096 | D:4      | Found a shimmering altar of Xom.
  2155 | D:4      | Reached skill level 1 in Translocations
  2159 | D:4      | Noticed Natasha
  2168 | D:4      | Killed Natasha
  2173 | D:4      | Noticed Natasha
  2179 | D:4      | Killed Natasha
  2180 | D:4      | Reached XP level 7. HP: 68/68 MP: 6/6
  2227 | D:4      | Found a staircase to the Ecumenical Temple.
  2384 | D:4      | Reached * piety under Wu Jian
  2468 | D:4      | Found a sparkling altar of Nemelex Xobeh.
  2684 | D:4      | Reached skill level 6 in Unarmed Combat
  2774 | D:4      | Identified the ring of the Secret Continents {Fly rF- rN+
                  | Will++ Int+2}
  2882 | D:5      | Entered Level 5 of the Dungeon
  2894 | D:5      | Reached XP level 8. HP: 46/79 MP: 7/7
  2952 | D:5      | Found a runed translucent door.
  2957 | D:5      | Noticed viagra's ghost (novice MiBe)
  3068 | D:5      | Reached skill level 5 in Shields
  3268 | D:5      | Found a glowing drain.
  3275 | Sewer    | Entered a sewer
  3306 | Sewer    | Reached ** piety under Wu Jian
  3400 | Sewer    | Reached skill level 7 in Unarmed Combat
  3636 | D:5      | Identified the +12 war axe "Pyewu" {spect, Will++ rCorr
                  | Str+3 Int-5}
  3656 | D:5      | Found an opulent altar of Gozag.
  3874 | D:5      | Reached skill level 5 in Fighting
  4425 | D:6      | Reached XP level 9. HP: 87/88 MP: 8/8
  4473 | D:6      | Reached skill level 8 in Unarmed Combat
  4771 | D:6      | Reached *** piety under Wu Jian
  5590 | D:7      | Found Begatiqo's General Store.
  5600 | D:7      | Found Ifan's Jewellery Shoppe.
  5601 | D:7      | Found Tig Zafu's General Store.
  5617 | D:7      | Reached skill level 9 in Unarmed Combat
  5626 | D:7      | Bought a scroll of magic mapping for 90 gold pieces
  5626 | D:7      | Bought a scroll of fear for 48 gold pieces
  5626 | D:7      | Bought a potion of curing for 36 gold pieces
  5801 | D:1      | Bought a scroll of fear for 56 gold pieces
  5801 | D:1      | Bought a scroll of poison for 56 gold pieces
  5801 | D:1      | Bought a scroll of identify for 28 gold pieces
  5967 | D:7      | Found a glowing silver altar of Zin.
  6171 | D:7      | Found Tioqam's Weapon Shoppe.
  6233 | D:7      | Reached XP level 10. HP: 51/98 MP: 9/9
  6574 | D:7      | Found a snail-covered altar of Cheibriados.
  6759 | D:8      | Found a flagged portal.
  6923 | Bailey   | Entered a bailey
  6928 | Bailey   | Noticed an orc warlord
  7011 | Bailey   | Reached **** piety under Wu Jian
  7129 | Bailey   | Found a runed translucent gate.
  7131 | Bailey   | Found a runed translucent gate.
  7133 | Bailey   | Found a runed translucent gate.
  7243 | Bailey   | Killed an orc warlord
  7244 | Bailey   | Reached skill level 10 in Unarmed Combat
  7385 | Bailey   | Reached skill level 5 in Dodging
  7385 | Bailey   | Reached skill level 11 in Unarmed Combat
  7385 | Bailey   | Reached XP level 11. HP: 109/109 MP: 10/10
  7481 | D:8      | Found a glowing golden altar of the Shining One.
  7574 | D:8      | Found a hazy altar of Hepliaklqana.
  7578 | D:8      | Found a hide-covered altar of Uskayaw.
  7890 | D:9      | Reached skill level 12 in Unarmed Combat
  7948 | D:9      | Found a staircase to the Lair.
  7951 | D:9      | Noticed Harold
  8005 | D:9      | Noticed Joseph
  8016 | D:9      | Killed Joseph
  8069 | D:9      | Found Cheibriados's Comfort Zone.
  8070 | D:9      | Found a snail-covered altar of Cheibriados.
  8093 | D:9      | Killed Harold
  8152 | D:9      | Noticed a two-headed ogre
  8166 | D:9      | Killed a two-headed ogre
  8167 | D:9      | Reached skill level 1 in Evocations
  8201 | D:9      | Noticed a two-headed ogre
  8218 | D:9      | Killed a two-headed ogre
  8219 | D:9      | Reached XP level 12. HP: 108/119 MP: 11/11
  8732 | D:9      | Found a staircase to the Orcish Mines.
  8912 | D:10     | Entered Level 10 of the Dungeon
  8960 | D:10     | Reached ***** piety under Wu Jian
  9202 | D:10     | Noticed Grum
  9210 | D:10     | Killed Grum
  9402 | D:10     | Noticed Maurice
  9527 | D:10     | Killed Maurice
  9528 | D:10     | Reached skill level 13 in Unarmed Combat
  9919 | D:11     | Noticed Nergalle
  9936 | D:11     | Killed Nergalle
  9997 | D:11     | Noticed a boulder beetle
 10008 | D:11     | Killed a boulder beetle
 10137 | D:11     | Noticed a five-headed hydra
 10671 | Lair:1   | Entered Level 1 of the Lair of Beasts
 11550 | Lair:2   | Noticed an eight-headed hydra
 11576 | Lair:2   | Killed an eight-headed hydra
 11636 | Lair:2   | Found a gate leading to a gauntlet.
 11649 | Lair:2   | Reached XP level 13. HP: 128/128 MP: 12/12
 11752 | Gauntlet | Entered a Gauntlet
 11752 | Gauntlet | Found a transporter.
 11752 | Gauntlet | Found a transporter.
 11756 | Gauntlet | Found a transporter.
 11756 | Gauntlet | Found a transporter.
 11784 | Gauntlet | Found a transporter.
 11800 | Gauntlet | Found a transporter.
 11817 | Gauntlet | Found a transporter.
 11828 | Gauntlet | Found a transporter.
 11838 | Gauntlet | Found a transporter.
 11838 | Gauntlet | Found a transporter.
 11869 | Gauntlet | Found a transporter.
 11881 | Gauntlet | Found a transporter.
 11929 | Gauntlet | Found a transporter.
 11949 | Gauntlet | Found a transporter.
 12045 | Gauntlet | Found a transporter.
 12061 | Gauntlet | Found a transporter.
 12061 | Gauntlet | Found the +2 hat of the Bear Spirit {Spirit, *Rage Will++}
 12275 | Gauntlet | Reached skill level 14 in Unarmed Combat
 12354 | Gauntlet | Identified the ring of Guod {rPois Slay+2}
 12372 | Gauntlet | Identified an amulet "Citsotaf" {Spirit rElec Dex+3}
 12372 | Gauntlet | Noticed a minotaur
 12385 | Gauntlet | Killed a minotaur
 12540 | Lair:2   | Found a hole to the Spider Nest.
 12658 | Lair:2   | Identified the +9 quarterstaff of Midsummer {speed, rC+
                  | Dex-5 Stlth+}
 13310 | Lair:3   | Found a staircase to the Shoals.
 13446 | Lair:3   | Reached ****** piety under Wu Jian
 13476 | Lair:3   | Found a runed translucent gate.
 13476 | Lair:3   | Found a runed translucent gate.
 13478 | Lair:3   | Found a runed translucent gate.
 13480 | Lair:3   | Noticed Huasawuy's ghost (journeyman TrHW)
 13485 | Lair:3   | Found a viscous altar of Jiyva.
 14184 | Lair:4   | Reached skill level 10 in Shields
 14817 | Lair:5   | Entered Level 5 of the Lair of Beasts
 14832 | Lair:4   | Reached skill level 15 in Unarmed Combat
 15131 | Lair:5   | Reached XP level 14. HP: 139/140 MP: 11/13
 15582 | Lair:5   | Identified the +5 robe of Wasted Space {Dex+7}
 15703 | Lair:5   | Found a viscous altar of Jiyva.
 15704 | Lair:5   | Found a staircase to the Slime Pits.
 16007 | Lair:5   | Identified the ring of Cyohaheu {Will+ Int+6}
 16116 | Lair:5   | Reached skill level 16 in Unarmed Combat
 16148 | Lair:5   | Reached skill level 10 in Fighting
 16604 | D:12     | Found the ring of the Tortoise {AC+8}
 17098 | D:12     | Noticed Jorgrun
 17110 | D:12     | Killed Jorgrun
 17147 | D:12     | Noticed Kirke
 17589 | D:12     | Killed Kirke
 17856 | D:13     | Found Hymoirer's Jewellery Shoppe.
 17923 | D:13     | Found Peusoete's Distillery.
 17934 | D:13     | Found Luskif's Distillery.
 18114 | Orc:1    | Entered Level 1 of the Orcish Mines
 18464 | Orc:2    | Entered Level 2 of the Orcish Mines
 18545 | Orc:2    | Found a staircase to the Elven Halls.
 18567 | Orc:2    | Found Hoaskor's General Store.
 18567 | Orc:2    | Found Ammionopn's Specific Store.
 18623 | Orc:2    | Found Papoi's Armour Boutique.
 18747 | Orc:2    | Paralysed by an orc sorcerer for 4 turns
 18843 | Orc:2    | Noticed an orc warlord
 19019 | Orc:2    | Killed an orc warlord
 19094 | Orc:2    | Found Cinugh's General Store.
 19126 | Orc:2    | Found Ifomogri's Distillery.
 19170 | Orc:2    | Bought a potion of lignification for 30 gold pieces
 19170 | Orc:2    | Bought a potion of lignification for 30 gold pieces
 19170 | Orc:2    | Bought a potion of lignification for 30 gold pieces
 19195 | Orc:2    | Reached XP level 15. HP: 151/152 MP: 14/14
 19321 | Orc:2    | Reached skill level 17 in Unarmed Combat
 19410 | Orc:2    | Found Cubbayn's Antique Weapon Emporium.
 19410 | Orc:2    | Found Edenk's Book Shoppe.
 19411 | Orc:2    | Found a one-way gate leading to the halls of Pandemonium.
 20823 | D:13     | Identified the +0 chain mail "Califaem" {rN+++ Will- Dex-3
                  | Stlth+}
 20881 | D:13     | Found a gate to the Vaults.
 20919 | D:13     | Identified the +6 scale mail of Happy Babbling {MP+9 Int+5}
 21405 | D:14     | Identified a scroll of acquirement
 21496 | D:14     | Found a white marble altar of Elyvilon.
 21496 | D:14     | Found a glowing silver altar of Zin.
 21496 | D:14     | Found a glowing golden altar of the Shining One.
 21570 | D:15     | Entered Level 15 of the Dungeon
 21641 | D:15     | Noticed Louise
 21795 | D:15     | Reached skill level 18 in Unarmed Combat
 21946 | D:15     | Killed Louise
 22423 | D:15     | Found a staircase to the Depths.
 22848 | Elf:1    | Entered Level 1 of the Elven Halls
 22964 | Elf:1    | Reached XP level 16. HP: 140/163 MP: 11/15
 22973 | Elf:1    | Found Netuh's Book Emporium.
 23593 | Elf:1    | Paralysed by an air elemental for 1 turns
 23621 | Elf:1    | Found a runed translucent gate.
 23621 | Elf:1    | Found a runed translucent gate.
 23621 | Elf:1    | Found a runed translucent gate.
 23621 | Elf:1    | Found a runed translucent gate.
 23621 | Elf:1    | Found a runed translucent gate.
 23622 | Elf:1    | Noticed a Brimstone Fiend
 23622 | Elf:1    | Found a runed translucent gate.
 23968 | Elf:1    | Reached skill level 19 in Unarmed Combat
 24150 | Elf:1    | Noticed a shadow dragon
 24150 | Elf:1    | Noticed a storm dragon
 24424 | Shoals:1 | Entered Level 1 of the Shoals
 24936 | Shoals:1 | Noticed Aizul
 25064 | Shoals:1 | Killed Aizul
 25196 | Shoals:1 | Noticed Josephine
 25210 | Shoals:1 | Killed Josephine
 25314 | Shoals:1 | Acquired 946 gold pieces
 25860 | D:13     | Bought a potion of haste for 140 gold pieces
 25860 | D:13     | Bought a potion of might for 56 gold pieces
 25860 | D:13     | Bought a potion of invisibility for 112 gold pieces
 25860 | D:13     | Bought 2 potions of mutation for 224 gold pieces
 25860 | D:13     | Bought a potion of heal wounds for 70 gold pieces
 25986 | D:7      | Bought the ring of Hiro {Fire Dex+6 Slay+2 Stlth+} for 558
                  | gold pieces
 26142 | Shoals:2 | Found Vibopofo's Book Emporium.
 26364 | Shoals:2 | Noticed Polyphemus
 26529 | Shoals:2 | Found a transporter.
 26533 | Shoals:2 | Noticed Cheops's ghost (adept DsGl)
 26608 | Shoals:2 | Found a transporter.
 27001 | Shoals:2 | Reached skill level 20 in Unarmed Combat
 27365 | Shoals:2 | Killed Polyphemus
 27450 | Shoals:2 | Reached XP level 17. HP: 175/175 MP: 16/16
 27557 | Shoals:2 | Learned a level 6 spell: Statue Form
 27949 | Shoals:3 | Reached skill level 1 in Earth Magic
 28069 | Shoals:3 | Reached skill level 1 in Transmutations
 28247 | Shoals:3 | Reached skill level 1 in Spellcasting
 28676 | Shoals:4 | Entered Level 4 of the Shoals
 28836 | Shoals:4 | Paralysed by an air elemental for 1 turns
 29141 | Shoals:4 | Paralysed by an air elemental for 1 turns
 29147 | Shoals:4 | Paralysed by an air elemental for 1 turns
 29306 | Shoals:4 | Found a stormy altar of Qazlal.
 29657 | Shoals:4 | Got the Tome of the Airy Assassin
 29659 | Shoals:4 | Got a barnacled rune of Zot
 30577 | Spider:1 | Entered Level 1 of the Spider Nest
 30722 | Spider:1 | Found a frozen archway.
 30824 | Spider:1 | Reached skill level 21 in Unarmed Combat
 30942 | IceCv    | Entered an ice cave
 31408 | IceCv    | Reached XP level 18. HP: 155/185 MP: 17/21
 32089 | Spider:1 | Noticed Rupert
 32098 | Spider:1 | Killed Rupert
 32099 | Spider:1 | Reached skill level 5 in Earth Magic
 32876 | Spider:1 | Reached skill level 5 in Transmutations
 33011 | Spider:2 | Noticed Mlioglotl
 33023 | Spider:2 | Killed Mlioglotl
 34266 | Spider:3 | Noticed Xiym's ghost (journeyman FeSu)
 34418 | Spider:3 | Found a transporter.
 34524 | Spider:3 | Found a transporter.
 35065 | Spider:4 | Entered Level 4 of the Spider Nest
 35105 | Spider:4 | Noticed Arachne
 35121 | Spider:4 | Noticed Donald
 35133 | Spider:4 | Got a gossamer rune of Zot
 35492 | Shoals:2 | Identified the +2 hat of Moetimob {Rampage rF++ rCorr
                  | Dex-4}
 35524 | Shoals:2 | Killed Cheops's ghost
 36328 | Spider:4 | Killed Arachne
 36999 | Spider:3 | Reached XP level 19. HP: 181/193 MP: 20/22
 37123 | Spider:4 | Killed Donald
 37690 | Spider:4 | Reached skill level 10 in Earth Magic
 37722 | Spider:4 | Got Jiffompu's Dissertation on Akashic Evolution
 38071 | Vaults:1 | Entered Level 1 of the Vaults
 39291 | Vaults:1 | Found Ozxat's Weapon Emporium.
 39419 | Vaults:2 | Found a portal to a secret trove of treasure.
 39504 | Vaults:2 | Found a flickering gateway to a bazaar.
 39513 | Bazaar   | Entered a bazaar
 39513 | Bazaar   | Found Heujoth's Jewellery Boutique.
 39520 | Bazaar   | Found Fioren's Antique Weapon Shoppe.
 39528 | Bazaar   | Found Cuoxt's General Store.
 39536 | Bazaar   | Bought a scroll of blinking for 105 gold pieces
 39536 | Bazaar   | Bought a potion of invisibility for 112 gold pieces
 39536 | Bazaar   | Bought a scroll of teleportation for 42 gold pieces
 39539 | Bazaar   | Found Raosm's Antique Armour Boutique.
 39550 | Bazaar   | Found Otriroec's Distillery.
 39558 | Bazaar   | Bought a potion of lignification for 33 gold pieces
 39558 | Bazaar   | Bought a potion of mutation for 88 gold pieces
 39558 | Bazaar   | Bought a potion of curing for 33 gold pieces
 39558 | Bazaar   | Bought a potion of curing for 33 gold pieces
 39558 | Bazaar   | Bought a potion of curing for 33 gold pieces
 39874 | Vaults:2 | Found a radiant altar of Vehumet.
 39886 | Vaults:2 | Identified the +2 robe "Makheoh" {+Blink rPois Stlth+}
 40232 | Vaults:2 | Reached skill level 10 in Transmutations
 41010 | Vaults:3 | Reached XP level 20. HP: 168/202 MP: 20/23
 41718 | Vaults:3 | Identified the +3 spear "Caf Maek" {vorpal, *Noise rElec
                  | rPois}
 42276 | Vaults:3 | Found a staircase to the Crypt.
 42885 | Vaults:4 | Identified the +1 leather armour of Pafush {Rampage Int+4}
 43139 | Vaults:4 | Found a gateway to a bazaar.
 43148 | Bazaar   | Entered a bazaar
 43152 | Bazaar   | Found Jecleny's Armour Boutique.
 43186 | Bazaar   | Found Focil's Weapon Emporium.
 43232 | Bazaar   | Found Caegut's Assorted Antiques.
 43237 | Bazaar   | Bought a potion of lignification for 60 gold pieces
 43237 | Bazaar   | Bought a scroll of blinking for 150 gold pieces
 43269 | Bazaar   | Found Qiakisko's Assorted Antiques.
 43275 | Bazaar   | Bought a scroll of teleportation for 54 gold pieces
 43275 | Bazaar   | Bought a scroll of fear for 72 gold pieces
 43303 | Bazaar   | Found Qeiskuaj's Distillery.
 43308 | Bazaar   | Bought a potion of curing for 45 gold pieces
 43308 | Bazaar   | Bought a potion of haste for 150 gold pieces
 43308 | Bazaar   | Bought a potion of resistance for 150 gold pieces
 43608 | Vaults:4 | Acquired the ring "Cyohuedgh" {Wiz Drain rF- Int+8 SInv}
 44517 | Depths:1 | Entered Level 1 of the Depths
 45007 | Depths:1 | Found a one-way gate to the infinite horrors of the Abyss.
 45281 | Depths:1 | Found a gateway to Hell.
 45312 | Depths:1 | You are sucked into a shaft and drop 1 floor!
 45359 | Depths:2 | Killed from afar by a tengu reaver

Illustrated notes

Levels and vault maps discovered:
D:1:      minmay_arrival_up_and_down, layout_rooms, serial_shops,
          nicolae_shop_trees
D:2:      layout_loops_cross, minmay_tetromino_o2
D:3:      layout_basic, grunt_ashenzari_visionary
          [grunt_ashenzari_visionary_shoals, grunt_ashenzari_visionary_spider],
          chequers_temple_overflow_statue_of_worship, uniq_ijyb
D:4:      minmay_clustersquares, layout_rooms, nemelex_spade_bored_becter,
          lemuel_round_altar, minmay_temple_entry_offerings, uniq_natasha,
          uniq_blork_the_orc
D:5:      minmay_angry_zag, layout_gridville, mainiacjoe_overflow_cross_hatched,
          ebering_ghost_sewer_d, portal_sewer_entry_e
D:6:      layout_basic, minmay_circle_x
D:7:      layout_loops_ring, chei_slow_surprise, zin_scriptorium,
          minmay_shop_grid_forest
D:8:      minmay_evil_eye, layout_basic, minitemple, enter_bailey_6,
          serial_glass, glass_columns_b, glass_columns_b, item_on_display_a
D:9:      layout_gridville, due_lair_maze_entry_diamond, orc_0_dummy,
          corexii_checkpoint_a, minmay_shop_chei, uniq_joseph, uniq_harold
D:10:     layout_roguey, uniq_grum, uniq_maurice
D:11:     layout_gridville, uniq_nergalle
D:12:     layout_stronghold, kennysheep_cluttered_room, st_stairs_10,
          uniq_kirke, uniq_jorgrun
D:13:     layout_long_grid, david_vaults_4, serial_shops,
          nicolae_shop_waterfront, shop, shop_fountains, minmay_pinched_square
D:14:     layout_cave_pools, good_gods_mini_temple
D:15:     hangedman_depths_entry_try_elsewhere_first, layout_irregular_city,
          chequers_serial_rivers_micro_c, uniq_louise
Lair:1:   layout_regular_city, infiniplex_staircase_pool_2, lemuel_fruit_fields
Lair:2:   layout_long_grid, nicolae_spider_entry_non_spiders,
          gauntlet_entry_generic, chequers_serial_rivers_small_3, st_stairs_4
Lair:3:   layout_roguey, elwin_shoals_entry_rocks, gammafunk_ghost_ooze,
          nicolae_lair_liquid_snakes
Lair:4:   layout_hall_layers, nicolae_lair_lil_pond
Lair:5:   minmay_lair_end_enchanted_forest, layout_misc_corridors,
          minmay_slime_entry_pillars, serial_bayou_shore_a, lemuel_fruit_tree
Shoals:1: layout_shoals, nicolae_shoals_lost_giant_temple,
          nicolae_shoals_so_close, uniq_josephine, uniq_aizul
Shoals:2: layout_shoals, gammafunk_ghost_berserking_beasts, serial_shops,
          nicolae_stop_n_shop_2, nicolae_shoals_goliath_grotto, uniq_polyphemus
Shoals:3: layout_shoals
Shoals:4: shoals_end_hellmonk_storm_palace [storm_palace_center_square,
          storm_palace_corner_blocked, storm_palace_corner_pillars,
          storm_palace_corner_altar, storm_palace_corner_grid]
Spider:1: layout_spider_delve, portal_ice_cave_entry_dragon, drop_trap,
          spiders_nest_spider_trap, uniq_rupert
Spider:2: nicolae_spider_hilbert_zone_4 [nicolae_spider_hilbert_4_sides_2_open,
          nicolae_spider_hilbert_4_sides_1_open,
          nicolae_spider_hilbert_4_sides_1_open,
          nicolae_spider_hilbert_4_sides_1_open,
          nicolae_spider_hilbert_4_sides_1_open,
          nicolae_spider_hilbert_2_sides_1_open,
          nicolae_spider_hilbert_2_sides_1_open,
          nicolae_spider_hilbert_2_sides_1_open,
          nicolae_spider_hilbert_2_sides_1_open,
          nicolae_spider_hilbert_6_sides_1_open,
          nicolae_spider_hilbert_6_sides_1_open,
          nicolae_spider_hilbert_3_sides_1_open,
          nicolae_spider_hilbert_3_sides_1_open], uniq_mlioglotl
Spider:3: layout_spider_delve, gammafunk_ghost_mausoleum
Spider:4: grunt_spider_rune_parallel, uniq_donald, uniq_arachne
Orc:1:    layout_caves, nicolae_orc_lava_room
Orc:2:    pf_orc_diabolical, layout_caves, serial_shops, shop_fountains,
          nicolae_specific_store, lightli_orcish_oven
Elf:1:    minmay_elf_arrival_circle, layout_geoelf_grid, serial_shops, shop,
          orc_legates
Vaults:1: hangedman_vaults_stitches, ontoclasm_vaults_twist, v_alt_pattern_4,
          vaults_standard_mumra_x, nicolae_vaults_disjoint_gnomons,
          nicolae_vaults_alarming, v_misc_22, vaults_mumra_lcd,
          nicolae_vaults_asterisk, nicolae_vaults_yaktaur_gun_rack,
          nicolae_vaults_border_crossing, layout_vaults_omnicross, serial_shops,
          nicolae_diamond_shop
Vaults:2: hangedman_vaults_river_flow, v_misc_14, grunt_tower_of_power,
          v_rooms_4, vaults_standard_mumra_enter_the_diamond, v_misc_25,
          vaults_room_stairs_pillars, grunt_vaults_twisty, ontoclasm_vaults_eye,
          layout_vaults_ring, serial_shops, bzr_firewalk,
          nicolae_trove_entry_diagonal
Vaults:3: minmay_crypt_entry_simple_round, grunt_vaults_trifunnel,
          vaults_room_pool, vaults_mumra_hex, vaults_mumra_minichess,
          nicolae_vaults_little_squares_3, nicolae_vaults_little_ls,
          nicolae_vaults_little_squares_3, vaults_dpeg_ring,
          layout_vaults_omnigrid
Vaults:4: vaults_dpeg_diagonal, ontoclasm_vaults_ligature,
          hangedman_vaults_capsules, hangedman_vaults_restitches,
          ontoclasm_vaults_chip, vaults_dpeg_hooks,
          vaults_room_hangedman_quadrants, v_misc_27,
          vaults_room_stairs_pillars, ontoclasm_vaults_ring_large,
          layout_vaults_maze_snakey, serial_shops, statue_bzr
Depths:1: layout_roguey, skrybe_limestone_x, serial_glass, glass_columns_a,
          glass_columns_b, glass_columns_a, glass_columns_b, glass_columns_a,
          glass_columns_a, nicolae_abyss_entry_one_way_or_another, hell_entry,
          grunt_ministairs_6, pdpol_wu_jian_five_deadly_venoms
Depths:2: hangedman_cross_stitches, layout_basic, enter_ziggurat_e,
          minmay_misc_feat_alley, hell_entry, rand_demon_pan_entry_8,
          infiniplex_staircase_zigzag_1

Skill      XL: |  1  2  3  4  5  6  7  8  9 10 11 12 13 14 15 16 17 18 19 20 |
---------------+-------------------------------------------------------------+-----
Shields        | 3 4 5 6 8 9 10 11 12 13 | 13.3
Unarmed Combat | 3 4 5 6 7 9 11 12 13 15 16 18 20 21 | 21.1
Fighting       | 3 4 5 7 8 9 10 11 12 13 | 13.3
Translocations | 1 2 3 4 |  4.0
Dodging        | 3 5 6 7 8 9 |  9.9
Evocations     | 1 3 4 |  4.0
Earth Magic    | 4 9 12 14 | 14.2
Transmutations | 3 7 10 12 | 12.0
Spellcasting   | 3 |  3.3

Action                   |  1- 3 |  4- 6 |  7- 9 | 10-12 | 13-15 | 16-18 | 19-21 || total
-------------------------+-------+-------+-------+-------+-------+-------+-------++-------
Melee: Unarmed           |    83 |   136 |   432 |   472 |  1352 |  1844 |  1202 ||  5521
       Scimitar          |       |       |       |       |    21 |       |       ||    21
Throw: Stone             |     3 |     7 |     6 |     2 |       |       |       ||    18
       Dart              |       |     2 |    13 |    33 |    38 |    24 |       ||   110
 Cast: Blink             |       |       |       |       |       |     1 |     1 ||     2
Invok: Lunge             |       |     3 |    42 |    40 |   109 |   134 |    11 ||   339
       Whirlwind         |       |       |    23 |    66 |   126 |   289 |   235 ||   739
       Heavenly Storm    |       |       |       |       |       |     1 |     1 ||     2
Evoke: Condenser vane    |       |       |       |     1 |     2 |       |       ||     3
       Wand              |       |       |       |       |       |    28 |       ||    28
  Use: Scroll            |       |     3 |     8 |     6 |    14 |    29 |     8 ||    68
       Potion            |       |     1 |       |     4 |     5 |    18 |     2 ||    30
 Stab: Invisible         |       |       |       |       |     2 |     1 |       ||     3
       Sleeping          |       |       |       |       |       |     7 |       ||     7
       Distracted        |       |       |       |       |       |     4 |       ||     4
Armor: Robe              |    26 |    32 |    63 |    51 |   193 |   473 |   242 ||  1080
       Troll leather arm |       |       |       |    31 |       |       |       ||    31
       Steam dragon scal |       |       |       |    19 |   176 |       |       ||   195
       Skin              |       |       |       |     6 |    50 |       |       ||    56
       Ice dragon scales |       |       |       |       |       |    23 |       ||    23
Dodge: Dodged            |    33 |    42 |    75 |   106 |   426 |   590 |   245 ||  1517
Block: Kite shield       |    23 |    40 |   133 |   133 |   534 |       |    56 ||   919
       Tower shield      |       |       |       |       |    81 |  1486 |   729 ||  2296
